Map: Ruins of Seras

Players

raven

  • Race: Terran Terran
  • League: Bronze

Ripple - Winner!

  • Race: Protoss Protoss
  • League: Bronze

VOD

Have the link to the VOD?

Description

4 Minute 4 DT Rush vs Terran

Time

  • Played on: Feb. 6, 2016, 10:04 p.m.
  • Length: 5:45
Show
View Real Time Build Order
Export as new Build Order

raven Terran 

Build Orders:  

Get SALT Encoding   

  12  0:02  SCV  
  13  0:14  SCV  
  14  0:23  Supply Depot  
  14  0:29  SCV  
  15  0:36  Refinery  
  15  0:45  SCV  
  15  0:49  Barracks  
  16  0:59  SCV  
  17  1:11  Refinery, SCV  
  18  1:27  Barracks  
  18  1:36  Barracks Tech Lab  
  18  1:42  Supply Depot  
  18  1:49  Orbital Command  
  18  2:01  Stimpack  
  18  2:16  Factory  
  18  2:22  SCV  
  19  2:26  Barracks Reactor  
  19  2:34  SCV  
  20  2:53  Engineering Bay  
  20  2:56  Engineering Bay  
  20  3:04  Factory Tech Lab  
  20  3:11  Starport  
  20  3:29  Barracks  
  20  3:39  SCV  
  20  3:40  Command Center  
  21  3:50  Starport Reactor  
  21  3:51  SCV  
  22  4:01  Marauder, Marine x2  
  26  4:22  Marauder  
  28  4:42  Barracks Reactor  
  28  4:55  Supply Depot  
  28  5:09  Marine x3  
  31  5:17  Supply Depot  
  31  5:26  Marine  
  31  5:27  Marine x2  
Show
View Real Time Build Order
Export as new Build Order

Ripple Protoss - Winner!

Build Orders: Dark Templar Rush 

Get SALT Encoding   

  12  0:01  Probe (Chrono Boost)  
  13  0:17  Pylon  
  13  0:19  Probe (Chrono Boost)  
  14  0:35  Gateway  
  14  0:38  Probe (Chrono Boost)  
  15  0:49  Probe (Chrono Boost)  
  16  0:50  Assimilator  
  16  0:59  Probe (Chrono Boost)  
  16  1:04  Pylon  
  17  1:09  Assimilator  
  17  1:11  Probe (Chrono Boost)  
  18  1:22  Probe (Chrono Boost)  
  19  1:28  Cybernetics Core  
  19  1:34  Probe (Chrono Boost)  
  20  1:44  Probe (Chrono Boost)  
  21  1:55  Probe (Chrono Boost)  
  22  2:04  Twilight Council  
  22  2:05  Probe (Chrono Boost)  
  23  2:12  Warp Gate (Chrono Boost)  
  23  2:16  Mothership Core  
  25  2:29  Pylon  
  25  2:41  Dark Shrine  
  25  2:57  Gateway  
  25  3:00  Gateway  
  25  3:02  Gateway  
  25  3:19  Pylon  
  25  4:00  Dark Templar  
  25  4:01  Dark Templar x2  
  31  4:11  Dark Templar  
Tags
 
Add a new tag
Caveats
  • Supply blocks, unpowered buildings, or Contaminate may cause inaccurate times.
  • Supply counts are checked every 10 seconds.